 Dungeon Crawl Stone Soup version 0.29-a0-700-g2f1814c7b2 (webtiles) character file.

Game seed: 10883630729374545895

42869 jasper the Brawler (level 13, -13/120 HPs)
             Began as a Demonspawn Cinder Acolyte on June 25, 2022.
             Was an Elder of Uskayaw.
             Killed from afar by a lindwurm (31 damage)
             ... with a blast of flame
             ... summoned by Kirke
             ... on level 5 of the Lair of Beasts.
             The game lasted 00:48:13 (19980 turns).

jasper the Brawler (Demonspawn Cinder Acolyte)     Turns: 19980, Time: 00:48:14

Health: -13/120    AC:  0    Str: 15    XL:     13   Next: 87%
Magic:  14/14      EV: 15    Int: 17    God:    Uskayaw [****..]
Gold:   2349       SH:  0    Dex: 12    Spells: 14/14 levels left

rFire   . . .      SeeInvis .     - Unarmed
rCold   . . .      Faith    .   (shield currently unavailable)
rNeg    . . .      Spirit   .   (body armour currently unavailable)
rPois   .          Reflect  .   (helmet currently unavailable)
rElec   .          Harm     .   (cloak currently unavailable)
rCorr   .          Rampage  .   (gloves currently unavailable)
Will    .....                   (boots currently unavailable)
Stlth   +.........              X - amulet of regeneration
HPRegen 1.10/turn               (ring currently unavailable)
MPRegen 0.14/turn               (ring currently unavailable)

@: pig-form, slowed, fire susceptible
A: fast, no casting, small, rugged brown scales 3, foul stench 1, powered by
death 2, (demonic touch 2)
a: Renounce Religion, Stomp, Line Pass


You were on level 5 of the Lair of Beasts.
You worshipped Uskayaw.
Uskayaw was noncommittal.
You were a filthy swine.
You visited 4 branches of the dungeon, and saw 21 of its levels.
You also visited: Sewer and Bailey.

You collected 2391 gold pieces.
You spent 42 gold pieces at shops.

Inventory:

Missiles
 a - 6 curare-tipped darts
 i - a throwing net
 v - 91 stones
 A - 28 poisoned darts (quivered)
 P - 25 boomerangs
Armour
 j - an orb of mayhem (melded)
 m - a +3 scale mail of cold resistance (melded)
 n - a +3 scale mail of poison resistance
 y - a +0 pair of boots (melded)
 B - the +3 helmet of Instinct (melded) {rF+ Dex+4 Slay+3 SInv}
   (You acquired it on level 7 of the Dungeon)

   Dex:       It affects your dexterity (+4).
   Slay:      It affects your accuracy & damage with ranged weapons and melee
   (+3).
   rF:        It protects you from fire.
   SInv:      It lets you see invisible.
 C - +0 acid dragon scales
Jewellery
 c - an amulet of magic regeneration
 p - a ring of wizardry
 t - a ring of Meumoadd (melded) {rElec rF+ rC- rCorr Str+6}
   (You acquired it on level 4 of the Dungeon)

   [ring of strength]

   Str:       It affects your strength (+6).
   rF:        It protects you from fire.
   rC:        It makes you vulnerable to cold.
   rElec:     It insulates you from electricity.
   rCorr:     It protects you from acid and corrosion.
 F - an amulet of guardian spirit
 H - a ring of protection from cold
 J - a +6 ring of strength (melded)
 L - a ring of see invisible
 N - a ring of resist corrosion
 R - a ring of wizardry
 X - an amulet of regeneration (around neck)
Wands
 D - a wand of charming (32)
 Z - a wand of light (4)
Scrolls
 b - 5 scrolls of magic mapping
 d - 5 scrolls of enchant armour
 e - 2 scrolls of amnesia
 g - 7 scrolls of enchant weapon
 h - 5 scrolls of immolation
 o - 4 scrolls of vulnerability
 s - 5 scrolls of teleportation
 x - 2 scrolls of fog
 I - 3 scrolls of blinking
 Q - 2 scrolls of brand weapon
 T - 3 scrolls of identify
 U - 3 scrolls of fear
 Y - 3 scrolls of poison
Potions
 f - a potion of flight
 k - 4 potions of lignification
 l - a potion of attraction
 q - 7 potions of might
 u - 4 potions of curing
 w - 6 potions of haste
 z - 3 potions of brilliance
 E - 2 potions of cancellation
 G - 2 potions of resistance
 K - 3 potions of mutation
 O - 2 potions of invisibility
 V - a potion of magic
 W - 3 potions of ambrosia {unknown}
Miscellaneous
 r - a condenser vane (inert)


   Skills:
 + Level 14.0 Fighting
 + Level 9.3 Armour
 - Level 3.3 Dodging
 - Level 15.0 Unarmed Combat
 - Level 1.0 Spellcasting
 - Level 2.6 Fire Magic
 - Level 6.0 Evocations


You had 14 spell levels left.
You didn't know any spells.
Your spell library contained the following spells:

 Spells                   Type           Power      Damage    Failure   Level
 Scorch                   Fire           18%        2d6       11%         2
 Beastly Appendage        Tmut           0%         N/A       22%         1
 Sandblast                Erth           0%         2d4       22%         1
 Slow                     Hex            0%         N/A       22%         1
 Summon Small Mammal      Summ           0%         N/A       22%         1
 Passwall                 Tmut/Erth      0%         N/A       32%         2
 Poisonous Vapours        Pois/Air       0%         N/A       32%         2
 Wereblood                Tmut           0%         N/A       32%         2
 Call Canine Familiar     Summ           0%         N/A       54%         3
 Confusing Touch          Hex            0%         N/A       54%         3
 Gell's Gravitas          Tloc           0%         N/A       54%         3
 Spider Form              Tmut/Pois      0%         N/A       54%         3
 Stone Arrow              Conj/Erth      0%         3d7       54%         3
 Summon Guardian Golem    Hex/Summ       0%         N/A       54%         3
 Teleport Other           Tloc           0%         N/A       54%         3
 Tukima's Dance           Hex            0%         N/A       54%         3
 Vampiric Draining        Necr           0%         2d6       54%         3
 Animate Armour           Summ/Erth      0%         N/A       91%         4
 Animate Dead             Necr           0%         N/A       91%         4
 Corpse Rot               Necr/Pois/Air  0%         N/A       91%         4
 Passage of Golubria      Tloc           0%         N/A       91%         4
 Alistair's Intoxication  Tmut/Pois      0%         N/A       99%         5
 Yara's Violent Unravell  Hex/Tmut       0%         3d3       99%         5
 Dispersal                Tloc           0%         N/A       100%        6
 Eringya's Noxious Bog    Tmut/Pois      0%         N/A       100%        6
 Dragon Form              Tmut           0%         N/A       100%        7
 Haunt                    Necr/Summ      0%         N/A       100%        7
 Borgnjor's Revivificati  Necr           0%         N/A       100%        8
 Disjunction              Tloc           0%         N/A       100%        8
 Infestation              Necr           0%         N/A       100%        8
 Lehudib's Crystal Spear  Conj/Erth      0%         10d2      100%        8
 Necromutation            Tmut/Necr      0%         N/A       100%        8
 Death's Door             Necr           0%         N/A       100%        9


Dungeon Overview and Level Annotations

Branches:
Dungeon (12/15)            Temple (0/1) D:4            Lair (6/6) D:10
  Swamp (1/4) Lair:2        Snake (0/4) Lair:4          Orc (2/2) D:9
    Elf (0/3) Orc:2         Sewer (visited)          Bailey (visited)
  Slime: Lair:5-6

Altars:
Cheibriados
Dithmenos
Fedhas
Gozag
Kikubaaqudgha
Qazlal
Trog
Uskayaw
Yredelemnul
The Shining One
Beogh

Shops:
Orc:2 *(

Annotations:
Lair:5 Kirke
Orc:2 exclusion: door


Innate Abilities, Weirdness & Mutations

You are a filthy swine.
You move quickly.
Your equipment is almost entirely melded.
You are incapable of wielding weapons or throwing items.
You cannot cast spells.
(You are completely covered in rugged brown scales. (AC +3, +7% HP))
You may rarely emit foul miasma when damaged in melee.
You regenerate health from kills.
((Your touch may inflict irresistible damage on your foes.))


Message History

The hog bites you. Kirke hits you!
You take 11 damage, and have 73/119 hp.
You hit the hog.
The hog is severely wounded.
The hog bites you. Kirke completely misses you. The hog completely misses you.
You hit the hog but do no damage.
The hog is severely wounded.
Kirke hits you! The hog bites you!
Kirke casts a spell.
Kirke summons a lindwurm!
You take 25 damage, and have 49/119 hp.
MASSIVE DAMAGE!!
You hit the hog.
The hog is severely wounded.
The hog bites you!
You emit a cloud of foul miasma!
The hog is engulfed in dark miasma.
The hog is poisoned.
The hog seems to slow down.
The hog barely misses you.
Kirke mumbles some strange words.
Kirke summons a lindwurm!
You take 6 damage, and have 43/119 hp.
You hit the hog.
You kill the hog!
Kirke points at you and mumbles some strange words.
You struggle to resist.
The lindwurm breathes flames at you. The blast of flame misses you.
Your Fighting skill increases to level 14!
You regained 2 hp, and now have 45/120 hp.
You barely miss Kirke.
Kirke is lightly wounded.
Kirke hits you!
You emit a cloud of foul miasma!
The lindwurm bites you!
* * * LOW HITPOINT WARNING * * *
The lindwurm barely misses you. The lindwurm closely misses you.
You take 21 damage, and have 24/120 hp.
You hit Kirke.
Kirke is lightly wounded.
Kirke is engulfed in dark miasma.
Kirke is poisoned.
Kirke hits you!
* * * LOW HITPOINT WARNING * * *
The lindwurm breathes flames at you. The blast of flame hits you!!
You die...

## ##### #.k##.#.#####
.#@h..).##.##
......k§........## ##
.................# .#
..............<..# #..
.................## ....
..........♣.♣.....###..#
...........≈.≈.≈..†.#..#
...........≈≈..≈≈♣......
...♣.≈.≈≈..≈.≈......


You could see Kirke (poisoned) and 2 lindwurms.

Vanquished Creatures
  An orc warlord (Orc:1)
  Josephine (Orc:1)
  Harold (Lair:1)
  2 hydras
  A catoblepas (Lair:5)
  Erica (Lair:1)
  9 two-headed ogres
  A tengu warrior (D:10)
  An orc high priest (Orc:2)
  Sonja (Lair:1)
  Pikel (D:7)
  2 deep elf pyromancers (D:10)
  An oklob plant (Lair:2)
  4 orc knights
  2 cyclopes
  3 orc sorcerers (Orc:2)
  3 black mambas
  5 cane toads
  2 gargoyles (D:11)
  2 rime drakes
  7 komodo dragons
  5 trolls
  9 blink frogs
  2 slime creatures
  20 yaks
  4 wraiths
  A shadow (D:11)
  3 wyverns
  4 basilisks
  3 hogs (Lair:5)
  Eustachio (D:5)
  A steam dragon (D:10)
  5 wargs
  3 nagas (Lair:4)
  An acid dragon (D:6)
  8 water moccasins
  3 black bears
  Duvessa (D:5)
  A black bear (shapeshifter) (D:10)
  37 orc warriors
  2 sky beasts
  11 ogres
  4 centaurs
  3 lemures (D:7)
  5 wolves (Lair:1)
  4 kobold brigands
  17 bullfrogs
  3 scorpions (D:5)
  A necrophage (D:6)
  6 wights
  Dowan (D:5)
  2 killer bees (D:10)
  4 electric eels
  4 howler monkeys
  3 jellies
  19 orc priests
  A gnoll shaman (D:8)
  2 iguanas
  Terence (D:3)
  Ijyb (D:5)
  7 hell rats (Lair:2)
  24 orc wizards
  Robin (D:4)
  5 gnolls (D:8)
  16 adders
  4 river rats (Sewer)
  A white imp (D:6)
  An ufetubus (D:5)
  A worm (D:4)
  6 dart slugs
  82 orcs
  3 endoplasms
  3 giant cockroaches
  12 goblins
  6 hobgoblins
  6 jackals (D:3)
  24 kobolds
  4 quokkas
  11 ball pythons
  6 bats
  4 frilled lizards
  11 rats
495 creatures vanquished.

Vanquished Creatures (collateral kills)
  A two-headed ogre (Orc:2)
  2 yaks
3 creatures vanquished.

Vanquished Creatures (others)
  A yak (Lair:6)
  An orc (Orc:1)
  17 foxfires (Lair:2)
  11 fungi
  22 plants
52 creatures vanquished.

Grand Total: 550 creatures vanquished

Notes
Turn   | Place    | Note
-------+----------+-------------------------------------------
     0 | D:1      | jasper the Demonspawn Cinder Acolyte began the quest for
                  | the Orb.
     0 | D:1      | Reached XP level 1. HP: 18/18 MP: 2/2
   290 | D:1      | Found a faded altar of an unknown god.
   373 | D:1      | Reached skill level 3 in Unarmed Combat
   420 | D:1      | Gained mutation: Your touch may inflict minor irresistible
                  | damage on your foes. [demonic ancestry]
   420 | D:1      | Reached XP level 2. HP: 21/24 MP: 3/3
  1225 | D:2      | Gained mutation: You are partially covered in rugged brown
                  | scales. (AC +1, +3% HP) [demonic ancestry]
  1225 | D:2      | Reached XP level 3. HP: 22/30 MP: 4/4
  1751 | D:2      | Reached XP level 4. HP: 37/38 MP: 5/5
  1848 | D:2      | Reached skill level 4 in Unarmed Combat
  2375 | D:3      | Gained mutation: You regenerate a little health from kills.
                  | [demonic ancestry]
  2375 | D:3      | Reached XP level 5. HP: 38/44 MP: 6/6
  2567 | D:3      | Noticed Terence
  2591 | D:3      | Killed Terence
  2684 | D:3      | Found a glowing drain.
  2696 | Sewer    | Entered a sewer
  2857 | Sewer    | Reached skill level 5 in Fighting
  3014 | Sewer    | Identified a scroll of acquirement
  3014 | Sewer    | Acquired 565 gold pieces
  3144 | D:3      | Gained mutation: You are mostly covered in rugged brown
                  | scales. (AC +2, +5% HP) [demonic ancestry]
  3144 | D:3      | Reached XP level 6. HP: 45/53 MP: 7/7
  3564 | D:3      | Found an ancient bone altar of Kikubaaqudgha.
  3662 | D:4      | Reached skill level 5 in Unarmed Combat
  3675 | D:4      | Found a staircase to the Ecumenical Temple.
  3793 | D:4      | Acquired a ring of Meumoadd {rElec rF+ rC- rCorr Str+6}
  3824 | D:4      | Noticed a sky beast
  3835 | D:4      | Killed a sky beast
  3953 | D:4      | Noticed Robin
  3973 | D:4      | Killed Robin
  4211 | D:5      | Entered Level 5 of the Dungeon
  4270 | D:5      | Gained mutation: You regenerate health from kills. [demonic
                  | ancestry]
  4270 | D:5      | Reached XP level 7. HP: 52/60 MP: 8/8
  4352 | D:5      | Noticed Dowan
  4370 | D:5      | Killed Dowan
  4483 | D:5      | Noticed Duvessa
  4495 | D:5      | Killed Duvessa
  4569 | D:5      | Noticed Ijyb
  4580 | D:5      | Killed Ijyb
  4581 | D:5      | Reached skill level 6 in Unarmed Combat
  4887 | D:5      | Reached XP level 8. HP: 70/70 MP: 9/9
  4957 | D:5      | Found a blossoming altar of Fedhas.
  4970 | D:5      | Found a stormy altar of Qazlal.
  4970 | D:5      | Found a hide-covered altar of Uskayaw.
  4976 | D:5      | Found a snail-covered altar of Cheibriados.
  4990 | D:5      | Noticed Eustachio
  4996 | D:5      | Killed Eustachio
  4997 | D:5      | Reached skill level 7 in Unarmed Combat
  5274 | D:6      | Noticed a cyclops
  5287 | D:6      | Killed a cyclops
  5288 | D:6      | Reached skill level 8 in Unarmed Combat
  5577 | D:6      | Gained mutation: You may rarely emit foul miasma when
                  | damaged in melee. [demonic ancestry]
  5577 | D:6      | Reached XP level 9. HP: 78/78 MP: 10/10
  5815 | D:6      | Got the Disquisition on Transmigration
  6351 | D:7      | Noticed Pikel
  6387 | D:7      | Killed Pikel
  6422 | D:7      | Found a flagged portal.
  6485 | Bailey   | Entered a bailey
  6613 | Bailey   | Found a large runed translucent door.
  6613 | Bailey   | Found a large runed translucent door.
  6613 | Bailey   | Noticed an orc knight
  6614 | Bailey   | Noticed a deep elf pyromancer
  6621 | Bailey   | Reached skill level 9 in Unarmed Combat
  6646 | Bailey   | Killed an orc knight
  6647 | Bailey   | Reached skill level 10 in Fighting
  6738 | Bailey   | Reached skill level 1 in Armour
  7153 | D:7      | Acquired the +3 helmet of Instinct {rF+ Dex+4 Slay+3 SInv}
  7935 | D:8      | Noticed a two-headed ogre
  7943 | D:8      | Killed a two-headed ogre
  7944 | D:8      | Reached skill level 5 in Armour
  7944 | D:8      | Reached XP level 10. HP: 64/89 MP: 7/11
  8097 | D:8      | Found a bloodstained altar of Trog.
  8675 | D:9      | Noticed a two-headed ogre
  8686 | D:9      | Killed a two-headed ogre
  8885 | D:9      | Reached skill level 1 in Evocations
  8899 | D:9      | Found a staircase to the Orcish Mines.
  9265 | Orc:1    | Entered Level 1 of the Orcish Mines
  9369 | Orc:2    | Entered Level 2 of the Orcish Mines
  9883 | Orc:2    | Noticed a two-headed ogre
  9897 | Orc:2    | Killed a two-headed ogre
  9898 | Orc:2    | Reached skill level 10 in Unarmed Combat
  9984 | Orc:2    | Noticed a two-headed ogre
  9990 | Orc:2    | Killed a two-headed ogre
  9991 | Orc:2    | Reached XP level 11. HP: 96/96 MP: 12/12
 10502 | Orc:1    | Noticed Josephine
 10522 | Orc:1    | Killed Josephine
 10700 | Orc:1    | You fall into a shaft and drop 1 floor!
 10728 | Orc:2    | Noticed a two-headed ogre
 10735 | Orc:2    | Killed a two-headed ogre
 10825 | Orc:1    | Noticed an orc warlord
 10838 | Orc:1    | Reached skill level 11 in Unarmed Combat
 10839 | Orc:1    | Killed an orc warlord
 11341 | Orc:2    | Reached skill level 5 in Evocations
 11403 | Orc:2    | Noticed a two-headed ogre
 11403 | Orc:2    | Noticed an orc knight
 11403 | Orc:2    | Noticed an orc sorcerer
 11415 | Orc:2    | Killed a two-headed ogre
 11415 | Orc:2    | Killed an orc sorcerer
 11488 | Orc:2    | Noticed an orc knight
 11503 | Orc:2    | Killed an orc knight
 11588 | Orc:2    | Found Erro's Weapon Boutique.
 11599 | Orc:2    | Found Ykhleycka's General Store.
 11599 | Orc:2    | Noticed an orc knight
 11611 | Orc:2    | Killed an orc knight
 11612 | Orc:2    | Reached skill level 12 in Unarmed Combat
 11612 | Orc:2    | Gained mutation: Your touch may inflict irresistible damage
                  | on your foes. [demonic ancestry]
 11612 | Orc:2    | Reached XP level 12. HP: 58/106 MP: 6/13
 11667 | Orc:2    | Bought a throwing net for 42 gold pieces
 11930 | Orc:2    | Noticed an orc high priest
 11934 | Orc:2    | Killed an orc high priest
 12342 | Orc:2    | Found a staircase to the Elven Halls.
 12843 | D:10     | Entered Level 10 of the Dungeon
 12843 | D:10     | Noticed a two-headed ogre
 12843 | D:10     | Found a shadowy altar of Dithmenos.
 12851 | D:10     | Killed a two-headed ogre
 12935 | D:10     | Noticed a two-headed ogre
 12947 | D:10     | Killed a two-headed ogre
 13257 | D:10     | Reached skill level 13 in Unarmed Combat
 13441 | D:10     | Found a staircase to the Lair.
 13520 | D:10     | Found a basalt altar of Yredelemnul.
 13938 | D:10     | Noticed a tengu warrior
 13948 | D:10     | Killed a tengu warrior
 14187 | D:11     | Found an opulent altar of Gozag.
 14347 | D:11     | Noticed a two-headed ogre
 14354 | D:11     | Killed a two-headed ogre
 14462 | D:11     | Noticed a two-headed ogre
 14470 | D:11     | Killed a two-headed ogre
 14880 | Lair:1   | Entered Level 1 of the Lair of Beasts
 15056 | Lair:1   | Gained mutation: You are completely covered in rugged brown
                  | scales. (AC +3, +7% HP) [demonic ancestry]
 15056 | Lair:1   | Reached XP level 13. HP: 91/116 MP: 11/14
 15096 | Lair:1   | Noticed Erica
 15102 | Lair:1   | Killed Erica
 15177 | Lair:1   | Noticed Sonja
 15191 | Lair:1   | Killed Sonja
 15561 | Lair:1   | Noticed Harold
 15567 | Lair:1   | Killed Harold
 15568 | Lair:1   | Reached skill level 14 in Unarmed Combat
 16321 | Lair:2   | Found an opulent altar of Gozag.
 16342 | Lair:2   | Found a staircase to the Swamp.
 18401 | Lair:6   | Entered Level 6 of the Lair of Beasts
 18736 | D:5      | Fell from the grace of Ignis
 18736 | D:5      | Became a worshipper of Uskayaw the Reveller
 18924 | Swamp:1  | Entered Level 1 of the Swamp
 18924 | Swamp:1  | Noticed a bunyip
 18925 | Swamp:1  | Noticed a bunyip
 18996 | Lair:4   | Reached * piety under Uskayaw
 19041 | Lair:4   | Reached ** piety under Uskayaw
 19117 | Lair:4   | Reached *** piety under Uskayaw
 19120 | Lair:4   | Reached **** piety under Uskayaw
 19222 | Lair:4   | Reached skill level 15 in Unarmed Combat
 19512 | Lair:4   | Found a staircase to the Snake Pit.
 19896 | Lair:5   | Reached ***** piety under Uskayaw
 19957 | Lair:5   | Noticed Kirke
 19980 | Lair:5   | Killed from afar by a lindwurm

Illustrated notes

Levels and vault maps discovered:
D:1:      saegor_arrival_simple_d, layout_loops_ring,
          shapermc_ecumenical_altar_mp_ritualfount, wad_floor_pattern_2
D:2:      layout_basic, grunt_ministairs_7, minmay_snake_closets
D:3:      wad_pebble_path, layout_loops_ring, kiku_gazebo_garden_becter,
          cheibrodos_sewer_entry_sluice, grunt_decor_one_mirror,
          kennysheep_doodads, uniq_terence
D:4:      layout_rooms, tso_metal_star, minmay_temple_entry_arrows, uniq_robin
D:5:      layout_basic, grunt_temple_overflow_open, uniq_duvessa, uniq_ijyb,
          uniq_eustachio
D:6:      layout_loops_corners, minmay_three_doors
D:7:      layout_loops_ring, enter_bailey_2, nicolae_elevator_lobby_plus,
          uniq_pikel
D:8:      wander_river, layout_basic, mainiacjoe_overflow_tiny_flanked,
          lightli_minifort
D:9:      lemuel_ice_spiral_2, layout_rooms, orc_0_dummy
D:10:     layout_gridville, mainiacjoe_overflow_catwalk,
          mainiacjoe_overflow_24_doors, lair_entry_dummy,
          minmay_shattered_shrine
D:11:     layout_big_octagon, nicolae_gozag_cash_rules_everything_around_me
D:12:     layout_basic, serial_shops, nicolae_lakefront_shop
Lair:1:   layout_misc_corridors, grunt_megastairs_1, uniq_harold, uniq_sonja,
          uniq_erica
Lair:2:   layout_long_grid, swamp_mist, basic_altar,
          chequers_serial_rivers_large_a, minmay_lair_oklob_items,
          serial_bayou_crossing, serial_bayou_shore_a
Lair:3:   layout_cave_pods
Lair:4:   layout_cave_pods, minmay_snake_entry_guardpost_small,
          lemuel_fruit_fields
Lair:5:   layout_gridlike, slime_entry_1, nicolae_quartered_pool_little,
          grunt_megastairs_2, uniq_kirke
Lair:6:   wormcave, layout_regular_city, hangedman_lair_tendril_chambers,
          uniq_snorg
Swamp:1:  layout_basic_swamp, nicolae_swamp_round_clearing, swamp_pool2,
          uniq_donald
Orc:1:    nicolae_orc_accident_2, layout_caves, uniq_josephine
Orc:2:    pubby_orc_utopia

Skill      XL: |  1  2  3  4  5  6  7  8  9 10 11 12 13 |
---------------+----------------------------------------+-----
Unarmed Combat | 3 4 5 6 8 9 10 12 13 15 | 15.0
Fighting       | 4 5 6 7 8 10 11 12 14 | 14.0
Armour         | 5 6 7 9 |  9.3
Dodging        | 3 |  3.3
Evocations     | 2 5 6 |  6.0
Spellcasting   | |  1.0
Fire Magic     | |  2.6

Action                   |  1- 3 |  4- 6 |  7- 9 | 10-12 | 13-15 || total
-------------------------+-------+-------+-------+-------+-------++-------
Melee: Unarmed           |    83 |   202 |   184 |   582 |   334 ||  1385
       Punch             |     1 |    10 |     7 |    48 |     8 ||    74
       Touch             |     8 |    36 |    35 |   140 |    26 ||   245
Throw: Dart              |    25 |    13 |    15 |    32 |     4 ||    89
       Stone             |     2 |    12 |       |       |       ||    14
       Boomerang         |       |    44 |       |       |       ||    44
Invok: Fiery Armour      |       |       |     1 |       |       ||     1
       Foxfire Swarm     |       |       |       |       |     1 ||     1
Evoke: Wand              |       |       |    10 |    11 |     7 ||    28
       Condenser vane    |       |       |     1 |     2 |     1 ||     4
  Use: Scroll            |       |    21 |     5 |     8 |     3 ||    37
       Potion            |       |       |     9 |     1 |     5 ||    15
 Stab: Invisible         |       |       |     1 |       |       ||     1
       Paralysed         |       |       |       |       |     7 ||     7
Armor: Robe              |     3 |       |       |       |       ||     3
       Ring mail         |     2 |       |       |       |       ||     2
       Scale mail        |    46 |   103 |    96 |   243 |   182 ||   670
       Skin              |       |       |     2 |       |       ||     2
Dodge: Dodged            |    42 |    99 |    94 |   339 |   203 ||   777

Table legend: (Time is in decaauts)
 A = Elapsed time spent in this place.
 B = Non-inter-level travel time spent in this place.
 C = Inter-level travel time spent in this place.
 D = Time resting spent in this place.
 E = Time spent auto-exploring this place.
 F = Levels seen in this place.
 G = Mean time per level.
                   A        B        C        D        E       F      G
               +--------+--------+--------+--------+--------+-----+--------+
         Total |  19892 |  18790 |   1102 |   1991 |  12877 |  23 |  864.9 |
       Dungeon |  10664 |   9980 |    684 |    830 |   7152 |  12 |  888.7 |
          Lair |   4759 |   4451 |    308 |    145 |   3483 |   6 |  793.2 |
         Swamp |      1 |      1 |      0 |      0 |      0 |   1 |    1.0 |
  Orcish Mines |   3506 |   3397 |    109 |    893 |   1782 |   2 | 1753.0 |
         Sewer |    462 |    462 |      0 |     36 |    275 |   1 |  462.0 |
        Bailey |    499 |    499 |      0 |     87 |    183 |   1 |  499.0 |
               +--------+--------+--------+--------+--------+-----+--------+

Top non-repeatable levels by time:
   Orc:2: 2442 daAuts
  Lair:1: 1367 daAuts
    D:10: 1339 daAuts
     D:6: 1195 daAuts
     D:2: 1144 daAuts
  Lair:2: 1112 daAuts
     D:3: 1081 daAuts
   Orc:1: 1063 daAuts
     D:5: 1020 daAuts
  Lair:3: 1015 daAuts
     D:7: 997 daAuts
     D:1: 976 daAuts
  Lair:4: 903 daAuts
     D:8: 864 daAuts
    D:11: 721 daAuts
